Workbook

Sheet Pivot 1
A1: Primary Sector | B1: count | C1: sum(Market Capitalization [My Setting] [02/14/2020] ($USDmm, Historical rate)) | D1: sum(Market Capitalization [My Setting] [02/21/2020] ($USDmm, Historical rate)) | E1: sum(Market Capitalization [My Setting] [02/28/2020] ($USDmm, Historical rate)) | F1: sum(Market Capitalization [My Setting] [03/06/2020] ($USDmm, Historical rate)) | G1: sum(Market Capitalization [My Setting] [03/13/2020] ($USDmm, Historical rate)) | H1: sum(Market Capitalization [My Setting] [03/20/2020] ($USDmm, Historical rate)) | I1: sum(Market Capitalization [My Setting] [03/27/2020] ($USDmm, Historical rate)) | J1: sum(Market Capitalization [My Setting] [04/03/2020] ($USDmm, Historical rate)) | K1: sum(Market Capitalization [My Setting] [04/10/2020] ($USDmm, Historical rate)) | L1: sum(Market Capitalization [My Setting] [04/17/2020] ($USDmm, Historical rate)) | M1: q1(% Market Cap Change (4/3-4/17)) | N1: median(% Market Cap Change (4/3-4/17)) | O1: q3(% Market Cap Change (4/3-4/17)) | P1: q1(% Market Cap Change (2/14-4/17)) | Q1: median(% Market Cap Change (2/14-4/17)) | R1: q3(% Market Cap Change (2/14-4/17)) | S1: sum(Market Capitalization [My Setting] [01/01/2020] ($USDmm, Historical rate)) | T1: sum(Total Debt [Latest Annual - 1] ($USDmm, Historical rate)) | U1: sum(Net Income [CY 2018] ($USDmm, Historical rate)) | V1: sum(Total Revenue [CY 2018] ($USDmm, Historical rate)) | W1: sum(Total Cash & ST Investments [Latest Quarter] ($USDmm, Historical rate)) | X1: sum(Total Debt [Latest Quarter] ($USDmm, Historical rate)) | Y1: sum(Total Equity [Latest Quarter] ($USDmm, Historical rate)) | Z1: sum(Total Revenue [CY 2019] ($USDmm, Historical rate)) | AA1: sum(Net Income [CY 2019] ($USDmm, Historical rate)) | AB1: sum(EBITDA [LTM] ($USDmm, Historical rate)) | AC1: sum(EBIT [LTM] ($USDmm, Historical rate)) | AD1: sum(Net Income [LTM] ($USDmm, Historical rate)) | AE1: sum(Total Revenue [LTM] ($USDmm, Historical rate)) | AF1: sum(Total Dividends Paid [LTM] ($USDmm, Historical rate))
A2: Communication Services | B2: 1682 | C2: 7341637.8 | D2: 7271852.8 | E2: 6661675.4 | F2: 6667820.7 | G2: 5989205.6 | H2: 5490813.8 | I2: 5837943.2 | J2: 5771725.9 | K2: 6218206.7 | L2: 6396994.3 | M2: 0.01509434 | N2: 0.09114249 | O2: 0.18897638 | P2: -0.33333333 | Q2: -0.19926586 | R2: -0.084507042 | S2: 7061144.2 | T2: 2156082.9 | U2: 272239.76 | V2: 3075462.2 | W2: 822412.21 | X2: 2629730.9 | Y2: 2948488.6 | Z2: 3139837.7 | AA2: 265181.84 | AB2: 892145.23 | AC2: 481903.13 | AD2: 268340.4 | AE2: 3275528 | AF2: -127465.23
A3: Consumer Discretionary | B3: 4945 | C3: 10158898 | D3: 10090877 | E3: 9138519.9 | F3: 9132564.5 | G3: 7907457.4 | H3: 7076440 | I3: 7743202.5 | J3: 7308734.1 | K3: 8185475.8 | L3: 8555018 | M3: 0.018421053 | N3: 0.098710866 | O3: 0.20454545 | P3: -0.35565975 | Q3: -0.23153116 | R3: -0.10771028 | S3: 10001063 | T3: 3091553.6 | U3: 400379.48 | V3: 8521351.6 | W3: 1422056 | X3: 3790767.4 | Y3: 4053360.1 | Z3: 8206861.6 | AA3: 393564.94 | AB3: 937763.47 | AC3: 605230.76 | AD3: 422756.13 | AE3: 8837248.1 | AF3: -160241.44
A4: Consumer Staples | B4: 2298 | C4: 7118491.3 | D4: 7101817.6 | E4: 6482692.8 | F4: 6783543 | G4: 6068597.8 | H4: 5706040.2 | I4: 6003472.5 | J4: 6080158.8 | K4: 6398450.6 | L4: 6548231.5 | M4: 0.014907002 | N4: 0.069736842 | O4: 0.14156627 | P4: -0.23369565 | Q4: -0.12382369 | R4: -0.01359556 | S4: 7119227.7 | T4: 1621987.1 | U4: 253891.1 | V4: 5338559 | W4: 492088.89 | X4: 1858578.9 | Y4: 2181091 | Z4: 5118856.9 | AA4: 233511.09 | AB4: 625617.95 | AC4: 466135.79 | AD4: 252123.9 | AE4: 5590613.4 | AF4: -156643.07
A5: Energy | B5: 1316 | C5: 5938327.5 | D5: 5926430.5 | E5: 5397181.6 | F5: 5214221.7 | G5: 4172093.4 | H5: 3855723.6 | I5: 4080137.3 | J5: 4339633.2 | K5: 4561695.6 | L5: 4383093.4 | M5: -0.0095046083 | N5: 0.058091286 | O5: 0.17285447 | P5: -0.52400455 | Q5: -0.32606603 | R5: -0.14992669 | S5: 6451348.4 | T5: 2111265.5 | U5: 432427.85 | V5: 6101366.8 | W5: 615225.44 | X5: 2450807.9 | Y5: 4227588.7 | Z5: 5913674.8 | AA5: 299843.66 | AB5: 1150898.3 | AC5: 665303.48 | AD5: 324380.81 | AE5: 6159010.3 | AF5: -271649.02
A6: Financials | B6: 3844 | C6: 14919508 | D6: 14774507 | E6: 13359229 | F6: 13084501 | G6: 11381347 | H6: 9916882.6 | I6: 10649921 | J6: 10094701 | K6: 11181152 | L6: 10933915 | M6: 0.0042808219 | N6: 0.05657119 | O6: 0.1340388 | P6: -0.3657689 | Q6: -0.24824839 | R6: -0.12465374 | S6: 15098560 | T6: 33395022 | U6: 1176913.9 | V6: 7181275.7 | W6: 31020855 | X6: 34876267 | Y6: 14381566 | Z6: 8029856.8 | AA6: 1362317.7 | AB6: 664079.42 | AC6: 602476.85 | AD6: 1389055.6 | AE6: 8270694.8 | AF6: -443830.56
A7: Global | B7: 36481 | C7: 90411233 | D7: 89830847 | E7: 81489716 | F7: 82111505 | G7: 71734321 | H7: 64159591 | I7: 69292951 | J7: 67723989 | K7: 73997605 | L7: 75142899 | M7: 0.018348624 | N7: 0.088322339 | O7: 0.18110236 | P7: -0.31742762 | Q7: -0.19426049 | R7: -0.073813708 | S7: 89001908 | T7: 57376270 | U7: 4391304.7 | V7: 56659105 | W7: 40045345 | X7: 62005423 | Y7: 47400674 | Z7: 56327763 | AA7: 4202363.6 | AB7: 8453071.4 | AC7: 5636893.4 | AD7: 4377565.8 | AE7: 59944491 | AF7: -2072086.2
A8: Health Care | B8: 3411 | C8: 8968840.3 | D8: 8938662.3 | E8: 8139977.8 | F8: 8472638.2 | G8: 7560360.8 | H8: 6906468.4 | I8: 7486809.1 | J8: 7582188.3 | K8: 8182836.7 | L8: 8581301.1 | M8: 0.037453184 | N8: 0.11771772 | O8: 0.22944377 | P8: -0.25597484 | Q8: -0.12373451 | R8: 0.014851485 | S8: 8632426.7 | T8: 1404345 | U8: 187642.22 | V8: 3427877.7 | W8: 753079.51 | X8: 1698945.4 | Y8: 2260630.5 | Z8: 3750112 | AA8: 215900.03 | AB8: 543702.3 | AC8: 388383.15 | AD8: 218959.46 | AE8: 3884559.5 | AF8: -111485.26
A9: Industrials | B9: 6564 | C9: 10121550 | D9: 10072231 | E9: 9106620.6 | F9: 9114473.7 | G9: 7806620.3 | H9: 6900322.5 | I9: 7563394.8 | J9: 7170566.9 | K9: 7921343.1 | L9: 7951423.5 | M9: 0.019480519 | N9: 0.082152975 | O9: 0.16133942 | P9: -0.31290762 | Q9: -0.19709061 | R9: -0.076733656 | S9: 10017689 | T9: 4335576.3 | U9: 492859.4 | V9: 9882374.8 | W9: 1881620.3 | X9: 4943694.6 | Y9: 5282144.6 | Z9: 9366604.9 | AA9: 425302.83 | AB9: 1185398.8 | AC9: 808048.15 | AD9: 450653.9 | AE9: 10347296 | AF9: -215054
A10: Information Technology | B10: 4875 | C10: 13601118 | D10: 13420436 | E10: 12098670 | F10: 12198434 | G10: 11109092 | H10: 9741479.5 | I10: 10622782 | J10: 10328554 | K10: 11312961 | L10: 11798990 | M10: 0.040392707 | N10: 0.12030075 | O10: 0.20839813 | P10: -0.27962085 | Q10: -0.17447917 | R10: -0.070175439 | S10: 12471842 | T10: 1416415.1 | U10: 436974.16 | V10: 4716370.1 | W10: 1338519.7 | X10: 1680206.8 | Y10: 2949238.4 | Z10: 4701540.2 | AA10: 400413.67 | AB10: 784269.67 | AC10: 528702.04 | AD10: 404289.33 | AE10: 4860139.9 | AF10: -145972.28
A11: Materials | B11: 4414 | C11: 4991380.9 | D11: 4992737.7 | E11: 4492906 | F11: 4581440.7 | G11: 3870884.4 | H11: 3527975.1 | I11: 3776307.4 | J11: 3736572.9 | K11: 4122999.3 | L11: 4139741.3 | M11: 0.025037672 | N11: 0.1 | O11: 0.20205479 | P11: -0.3 | Q11: -0.18422333 | R11: -0.068623092 | S11: 5122448.6 | T11: 1983861.9 | U11: 328775.08 | V11: 4727860.9 | W11: 650815.32 | X11: 2052509.6 | Y11: 3313960.5 | Z11: 4443337.7 | AA11: 211633.05 | AB11: 704467.99 | AC11: 417369.76 | AD11: 220594.75 | AE11: 4787420.2 | AF11: -146513.71
A12: Real Estate | B12: 2311 | C12: 4050061.7 | D12: 4020444 | E12: 3687599 | F12: 3800151.8 | G12: 3283599.9 | H12: 2708854.7 | I12: 2986739.9 | J12: 2859550.9 | K12: 3209575.9 | L12: 3164030.2 | M12: 0.0085611709 | N12: 0.065970404 | O12: 0.15175097 | P12: -0.34608031 | Q12: -0.22222222 | R12: -0.11061678 | S12: 3953469.4 | T12: 3305891.1 | U12: 271496.13 | V12: 1445509 | W12: 709686.05 | X12: 3297705.1 | Y12: 3587719.8 | Z12: 1487231.3 | AA12: 235922.14 | AB12: 425988.74 | AC12: 368353 | AD12: 255330.58 | AE12: 1618763.8 | AF12: -190671.62
A13: Utilities | B13: 817 | C13: 3200580.9 | D13: 3220015.7 | E13: 2923855.5 | F13: 3060902 | G13: 2584364.1 | H13: 2327956.5 | I13: 2541563.4 | J13: 2450934.8 | K13: 2702205 | L13: 2689435.2 | M13: 0.016877637 | N13: 0.065458207 | O13: 0.12591721 | P13: -0.26216068 | Q13: -0.15164693 | R13: -0.051447936 | S13: 3071852 | T13: 2554269.4 | U13: 137700.87 | V13: 2241086.3 | W13: 338973.81 | X13: 2726209 | Y13: 2214870.5 | Z13: 2169846.1 | AA13: 158771.23 | AB13: 538739.22 | AC13: 304987.06 | AD13: 171079.57 | AE13: 2313214.5 | AF13: -102559.15
A14: All firms | B14: 36481 | C14: 90411233 | D14: 89830847 | E14: 81489716 | F14: 82111505 | G14: 71734321 | H14: 64159591 | I14: 69292951 | J14: 67723989 | K14: 73997605 | L14: 75142899 | M14: 0.018348624 | N14: 0.088322339 | O14: 0.18110236 | P14: -0.31742762 | Q14: -0.19426049 | R14: -0.073813708 | S14: 89001908 | T14: 57376270 | U14: 4391304.7 | V14: 56659105 | W14: 40045345 | X14: 62005423 | Y14: 47400674 | Z14: 56327763 | AA14: 4202363.6 | AB14: 8453071.4 | AC14: 5636893.4 | AD14: 4377565.8 | AE14: 59944491 | AF14: -2072086.2

Sheet By Week
E1: % Change in Market Cap (by week)
A2: ='Pivot 1'!A1 -> Primary Sector | B2: Number of firms | C2: Market Cap (2/14/20) | D2: Market Cap (4/17/20) | E2: 2/14/-2/21 | F2: 2/22-2/28 | G2: 2/29-3/6 | H2: 3/7-3/13 | I2: 3/14-3/20 | J2: 3/21-3/27 | K2: 3/28-4/3 | L2: 4/4-4/10 | M2: 4/11-4/17 | N2: 2/14- 4/17
A3: ='Pivot 1'!A2 -> Communication Services | B3: ='Pivot 1'!B2 -> 1682 | C3: ='Pivot 1'!C2 -> 7341637.8 | D3: ='Pivot 1'!L2 -> 6396994.3 | E3: ='Pivot 1'!D2/'Pivot 1'!C2-1 -> -0.0095053668 | F3: ='Pivot 1'!E2/'Pivot 1'!D2-1 -> -0.083909479 | G3: ='Pivot 1'!F2/'Pivot 1'!E2-1 -> 0.00092247965 | H3: ='Pivot 1'!G2/'Pivot 1'!F2-1 -> -0.10177465 | I3: ='Pivot 1'!H2/'Pivot 1'!G2-1 -> -0.083215001 | J3: ='Pivot 1'!I2/'Pivot 1'!H2-1 -> 0.063220023 | K3: ='Pivot 1'!J2/'Pivot 1'!I2-1 -> -0.01134258 | L3: ='Pivot 1'!K2/'Pivot 1'!J2-1 -> 0.077356558 | M3: ='Pivot 1'!L2/'Pivot 1'!K2-1 -> 0.028752264 | N3: =D3/C3-1 -> -0.12866932
A4: ='Pivot 1'!A3 -> Consumer Discretionary | B4: ='Pivot 1'!B3 -> 4945 | C4: ='Pivot 1'!C3 -> 10158898 | D4: ='Pivot 1'!L3 -> 8555018 | E4: ='Pivot 1'!D3/'Pivot 1'!C3-1 -> -0.0066957076 | F4: ='Pivot 1'!E3/'Pivot 1'!D3-1 -> -0.094378021 | G4: ='Pivot 1'!F3/'Pivot 1'!E3-1 -> -0.00065167883 | H4: ='Pivot 1'!G3/'Pivot 1'!F3-1 -> -0.13414711 | I4: ='Pivot 1'!H3/'Pivot 1'!G3-1 -> -0.10509287 | J4: ='Pivot 1'!I3/'Pivot 1'!H3-1 -> 0.094222873 | K4: ='Pivot 1'!J3/'Pivot 1'!I3-1 -> -0.056109652 | L4: ='Pivot 1'!K3/'Pivot 1'!J3-1 -> 0.11995808 | M4: ='Pivot 1'!L3/'Pivot 1'!K3-1 -> 0.045146092 | N4: =D4/C4-1 -> -0.15787932
A5: ='Pivot 1'!A4 -> Consumer Staples | B5: ='Pivot 1'!B4 -> 2298 | C5: ='Pivot 1'!C4 -> 7118491.3 | D5: ='Pivot 1'!L4 -> 6548231.5 | E5: ='Pivot 1'!D4/'Pivot 1'!C4-1 -> -0.0023423011 | F5: ='Pivot 1'!E4/'Pivot 1'!D4-1 -> -0.087178361 | G5: ='Pivot 1'!F4/'Pivot 1'!E4-1 -> 0.046408221 | H5: ='Pivot 1'!G4/'Pivot 1'!F4-1 -> -0.10539407 | I5: ='Pivot 1'!H4/'Pivot 1'!G4-1 -> -0.059743228 | J5: ='Pivot 1'!I4/'Pivot 1'!H4-1 -> 0.052125864 | K5: ='Pivot 1'!J4/'Pivot 1'!I4-1 -> 0.012773662 | L5: ='Pivot 1'!K4/'Pivot 1'!J4-1 -> 0.052349254 | M5: ='Pivot 1'!L4/'Pivot 1'!K4-1 -> 0.02340893 | N5: =D5/C5-1 -> -0.080109646
A6: ='Pivot 1'!A5 -> Energy | B6: ='Pivot 1'!B5 -> 1316 | C6: ='Pivot 1'!C5 -> 5938327.5 | D6: ='Pivot 1'!L5 -> 4383093.4 | E6: ='Pivot 1'!D5/'Pivot 1'!C5-1 -> -0.0020034311 | F6: ='Pivot 1'!E5/'Pivot 1'!D5-1 -> -0.089303148 | G6: ='Pivot 1'!F5/'Pivot 1'!E5-1 -> -0.03389915 | H6: ='Pivot 1'!G5/'Pivot 1'!F5-1 -> -0.19986268 | I6: ='Pivot 1'!H5/'Pivot 1'!G5-1 -> -0.075829976 | J6: ='Pivot 1'!I5/'Pivot 1'!H5-1 -> 0.058202732 | K6: ='Pivot 1'!J5/'Pivot 1'!I5-1 -> 0.063599805 | L6: ='Pivot 1'!K5/'Pivot 1'!J5-1 -> 0.051170763 | M6: ='Pivot 1'!L5/'Pivot 1'!K5-1 -> -0.039152595 | N6: =D6/C6-1 -> -0.26189767
A7: ='Pivot 1'!A6 -> Financials | B7: ='Pivot 1'!B6 -> 3844 | C7: ='Pivot 1'!C6 -> 14919508 | D7: ='Pivot 1'!L6 -> 10933915 | E7: ='Pivot 1'!D6/'Pivot 1'!C6-1 -> -0.009718878 | F7: ='Pivot 1'!E6/'Pivot 1'!D6-1 -> -0.095791876 | G7: ='Pivot 1'!F6/'Pivot 1'!E6-1 -> -0.020564659 | H7: ='Pivot 1'!G6/'Pivot 1'!F6-1 -> -0.13016583 | I7: ='Pivot 1'!H6/'Pivot 1'!G6-1 -> -0.12867229 | J7: ='Pivot 1'!I6/'Pivot 1'!H6-1 -> 0.073918211 | K7: ='Pivot 1'!J6/'Pivot 1'!I6-1 -> -0.052133747 | L7: ='Pivot 1'!K6/'Pivot 1'!J6-1 -> 0.10762593 | M7: ='Pivot 1'!L6/'Pivot 1'!K6-1 -> -0.022111975 | N7: =D7/C7-1 -> -0.26713973
A8: ='Pivot 1'!A7 -> Global | B8: ='Pivot 1'!B7 -> 36481 | C8: ='Pivot 1'!C7 -> 90411233 | D8: ='Pivot 1'!L7 -> 75142899 | E8: ='Pivot 1'!D7/'Pivot 1'!C7-1 -> -0.0064194016 | F8: ='Pivot 1'!E7/'Pivot 1'!D7-1 -> -0.092853748 | G8: ='Pivot 1'!F7/'Pivot 1'!E7-1 -> 0.0076302775 | H8: ='Pivot 1'!G7/'Pivot 1'!F7-1 -> -0.12637918 | I8: ='Pivot 1'!H7/'Pivot 1'!G7-1 -> -0.10559423 | J8: ='Pivot 1'!I7/'Pivot 1'!H7-1 -> 0.080009243 | K8: ='Pivot 1'!J7/'Pivot 1'!I7-1 -> -0.022642447 | L8: ='Pivot 1'!K7/'Pivot 1'!J7-1 -> 0.092635065 | M8: ='Pivot 1'!L7/'Pivot 1'!K7-1 -> 0.015477444 | N8: =D8/C8-1 -> -0.16887652
A9: ='Pivot 1'!A8 -> Health Care | B9: ='Pivot 1'!B8 -> 3411 | C9: ='Pivot 1'!C8 -> 8968840.3 | D9: ='Pivot 1'!L8 -> 8581301.1 | E9: ='Pivot 1'!D8/'Pivot 1'!C8-1 -> -0.0033647505 | F9: ='Pivot 1'!E8/'Pivot 1'!D8-1 -> -0.089351685 | G9: ='Pivot 1'!F8/'Pivot 1'!E8-1 -> 0.040867482 | H9: ='Pivot 1'!G8/'Pivot 1'!F8-1 -> -0.10767336 | I9: ='Pivot 1'!H8/'Pivot 1'!G8-1 -> -0.086489584 | J9: ='Pivot 1'!I8/'Pivot 1'!H8-1 -> 0.084028586 | K9: ='Pivot 1'!J8/'Pivot 1'!I8-1 -> 0.012739625 | L9: ='Pivot 1'!K8/'Pivot 1'!J8-1 -> 0.079218344 | M9: ='Pivot 1'!L8/'Pivot 1'!K8-1 -> 0.048695145 | N9: =D9/C9-1 -> -0.043209507
A10: ='Pivot 1'!A9 -> Industrials | B10: ='Pivot 1'!B9 -> 6564 | C10: ='Pivot 1'!C9 -> 10121550 | D10: ='Pivot 1'!L9 -> 7951423.5 | E10: ='Pivot 1'!D9/'Pivot 1'!C9-1 -> -0.0048726628 | F10: ='Pivot 1'!E9/'Pivot 1'!D9-1 -> -0.095868575 | G10: ='Pivot 1'!F9/'Pivot 1'!E9-1 -> 0.00086234404 | H10: ='Pivot 1'!G9/'Pivot 1'!F9-1 -> -0.14349192 | I10: ='Pivot 1'!H9/'Pivot 1'!G9-1 -> -0.1160935 | J10: ='Pivot 1'!I9/'Pivot 1'!H9-1 -> 0.096092955 | K10: ='Pivot 1'!J9/'Pivot 1'!I9-1 -> -0.051938042 | L10: ='Pivot 1'!K9/'Pivot 1'!J9-1 -> 0.10470249 | M10: ='Pivot 1'!L9/'Pivot 1'!K9-1 -> 0.0037973871 | N10: =D10/C10-1 -> -0.21440654
A11: ='Pivot 1'!A10 -> Information Technology | B11: ='Pivot 1'!B10 -> 4875 | C11: ='Pivot 1'!C10 -> 13601118 | D11: ='Pivot 1'!L10 -> 11798990 | E11: ='Pivot 1'!D10/'Pivot 1'!C10-1 -> -0.01328439 | F11: ='Pivot 1'!E10/'Pivot 1'!D10-1 -> -0.098489042 | G11: ='Pivot 1'!F10/'Pivot 1'!E10-1 -> 0.0082458776 | H11: ='Pivot 1'!G10/'Pivot 1'!F10-1 -> -0.08930178 | I11: ='Pivot 1'!H10/'Pivot 1'!G10-1 -> -0.12310751 | J11: ='Pivot 1'!I10/'Pivot 1'!H10-1 -> 0.090469116 | K11: ='Pivot 1'!J10/'Pivot 1'!I10-1 -> -0.027697911 | L11: ='Pivot 1'!K10/'Pivot 1'!J10-1 -> 0.09530928 | M11: ='Pivot 1'!L10/'Pivot 1'!K10-1 -> 0.042962189 | N11: =D11/C11-1 -> -0.13249852
A12: ='Pivot 1'!A11 -> Materials | B12: ='Pivot 1'!B11 -> 4414 | C12: ='Pivot 1'!C11 -> 4991380.9 | D12: ='Pivot 1'!L11 -> 4139741.3 | E12: ='Pivot 1'!D11/'Pivot 1'!C11-1 -> 0.00027182257 | F12: ='Pivot 1'!E11/'Pivot 1'!D11-1 -> -0.10011175 | G12: ='Pivot 1'!F11/'Pivot 1'!E11-1 -> 0.019705455 | H12: ='Pivot 1'!G11/'Pivot 1'!F11-1 -> -0.15509452 | I12: ='Pivot 1'!H11/'Pivot 1'!G11-1 -> -0.08858681 | J12: ='Pivot 1'!I11/'Pivot 1'!H11-1 -> 0.070389488 | K12: ='Pivot 1'!J11/'Pivot 1'!I11-1 -> -0.010522075 | L12: ='Pivot 1'!K11/'Pivot 1'!J11-1 -> 0.10341734 | M12: ='Pivot 1'!L11/'Pivot 1'!K11-1 -> 0.0040606485 | N12: =D12/C12-1 -> -0.17062204
A13: ='Pivot 1'!A12 -> Real Estate | B13: ='Pivot 1'!B12 -> 2311 | C13: ='Pivot 1'!C12 -> 4050061.7 | D13: ='Pivot 1'!L12 -> 3164030.2 | E13: ='Pivot 1'!D12/'Pivot 1'!C12-1 -> -0.0073128935 | F13: ='Pivot 1'!E12/'Pivot 1'!D12-1 -> -0.082788114 | G13: ='Pivot 1'!F12/'Pivot 1'!E12-1 -> 0.03052196 | H13: ='Pivot 1'!G12/'Pivot 1'!F12-1 -> -0.13592927 | I13: ='Pivot 1'!H12/'Pivot 1'!G12-1 -> -0.17503509 | J13: ='Pivot 1'!I12/'Pivot 1'!H12-1 -> 0.10258402 | K13: ='Pivot 1'!J12/'Pivot 1'!I12-1 -> -0.042584551 | L13: ='Pivot 1'!K12/'Pivot 1'!J12-1 -> 0.12240558 | M13: ='Pivot 1'!L12/'Pivot 1'!K12-1 -> -0.014190585 | N13: =D13/C13-1 -> -0.21876988
A14: ='Pivot 1'!A13 -> Utilities | B14: ='Pivot 1'!B13 -> 817 | C14: ='Pivot 1'!C13 -> 3200580.9 | D14: ='Pivot 1'!L13 -> 2689435.2 | E14: ='Pivot 1'!D13/'Pivot 1'!C13-1 -> 0.0060722695 | F14: ='Pivot 1'!E13/'Pivot 1'!D13-1 -> -0.091974765 | G14: ='Pivot 1'!F13/'Pivot 1'!E13-1 -> 0.046871844 | H14: ='Pivot 1'!G13/'Pivot 1'!F13-1 -> -0.15568546 | I14: ='Pivot 1'!H13/'Pivot 1'!G13-1 -> -0.099214976 | J14: ='Pivot 1'!I13/'Pivot 1'!H13-1 -> 0.091757266 | K14: ='Pivot 1'!J13/'Pivot 1'!I13-1 -> -0.035658595 | L14: ='Pivot 1'!K13/'Pivot 1'!J13-1 -> 0.10252015 | M14: ='Pivot 1'!L13/'Pivot 1'!K13-1 -> -0.0047257184 | N14: =D14/C14-1 -> -0.15970406
A15: ='Pivot 1'!A14 -> All firms | B15: ='Pivot 1'!B14 -> 36481 | C15: ='Pivot 1'!C14 -> 90411233 | D15: ='Pivot 1'!L14 -> 75142899 | E15: ='Pivot 1'!D14/'Pivot 1'!C14-1 -> -0.0064194016 | F15: ='Pivot 1'!E14/'Pivot 1'!D14-1 -> -0.092853748 | G15: ='Pivot 1'!F14/'Pivot 1'!E14-1 -> 0.0076302775 | H15: ='Pivot 1'!G14/'Pivot 1'!F14-1 -> -0.12637918 | I15: ='Pivot 1'!H14/'Pivot 1'!G14-1 -> -0.10559423 | J15: ='Pivot 1'!I14/'Pivot 1'!H14-1 -> 0.080009243 | K15: ='Pivot 1'!J14/'Pivot 1'!I14-1 -> -0.022642447 | L15: ='Pivot 1'!K14/'Pivot 1'!J14-1 -> 0.092635065 | M15: ='Pivot 1'!L14/'Pivot 1'!K14-1 -> 0.015477444 | N15: =D15/C15-1 -> -0.16887652

Sheet Aggregate
F1: Mkt Cap: 4/3- 4/17 | H1: Mkt Cap: 2/14 - 4/17 | J1: Individual Stocks: 4/3-4/17 | M1: Individual Stocks: 2/14-4/17
A2: ='Pivot 1'!A1 -> Primary Sector | B2: Number of firms | C2: Mkt Cap (2/14) | D2: Mkt Cap (4/3) | E2: Mkt Cap (4/17) | F2: $ Change | G2: % Change | H2: $ Change | I2: % Change | J2: 1st Quartile | K2: Median | L2: 3rd Quartile | M2: 1st Quartile | N2: Median | O2: 3rd Quartile
A3: ='Pivot 1'!A2 -> Communication Services | B3: ='Pivot 1'!B2 -> 1682 | C3: ='Pivot 1'!C2 -> 7341637.8 | D3: ='Pivot 1'!J2 -> 5771725.9 | E3: ='Pivot 1'!L2 -> 6396994.3 | F3: =E3-D3 -> 625268.37 | G3: =(E3/D3-1) -> 0.108333 | H3: =E3-C3 -> -944643.52 | I3: =E3/C3-1 -> -0.12866932 | J3: ='Pivot 1'!M2 -> 0.01509434 | K3: ='Pivot 1'!N2 -> 0.09114249 | L3: ='Pivot 1'!O2 -> 0.18897638 | M3: ='Pivot 1'!P2 -> -0.33333333 | N3: ='Pivot 1'!Q2 -> -0.19926586 | O3: ='Pivot 1'!R2 -> -0.084507042
A4: ='Pivot 1'!A3 -> Consumer Discretionary | B4: ='Pivot 1'!B3 -> 4945 | C4: ='Pivot 1'!C3 -> 10158898 | D4: ='Pivot 1'!J3 -> 7308734.1 | E4: ='Pivot 1'!L3 -> 8555018 | F4: =E4-D4 -> 1246283.9 | G4: =(E4/D4-1) -> 0.17051981 | H4: =E4-C4 -> -1603879.9 | I4: =E4/C4-1 -> -0.15787932 | J4: ='Pivot 1'!M3 -> 0.018421053 | K4: ='Pivot 1'!N3 -> 0.098710866 | L4: ='Pivot 1'!O3 -> 0.20454545 | M4: ='Pivot 1'!P3 -> -0.35565975 | N4: ='Pivot 1'!Q3 -> -0.23153116 | O4: ='Pivot 1'!R3 -> -0.10771028
A5: ='Pivot 1'!A4 -> Consumer Staples | B5: ='Pivot 1'!B4 -> 2298 | C5: ='Pivot 1'!C4 -> 7118491.3 | D5: ='Pivot 1'!J4 -> 6080158.8 | E5: ='Pivot 1'!L4 -> 6548231.5 | F5: =E5-D5 -> 468072.66 | G5: =(E5/D5-1) -> 0.076983624 | H5: =E5-C5 -> -570259.82 | I5: =E5/C5-1 -> -0.080109646 | J5: ='Pivot 1'!M4 -> 0.014907002 | K5: ='Pivot 1'!N4 -> 0.069736842 | L5: ='Pivot 1'!O4 -> 0.14156627 | M5: ='Pivot 1'!P4 -> -0.23369565 | N5: ='Pivot 1'!Q4 -> -0.12382369 | O5: ='Pivot 1'!R4 -> -0.01359556
A6: ='Pivot 1'!A5 -> Energy | B6: ='Pivot 1'!B5 -> 1316 | C6: ='Pivot 1'!C5 -> 5938327.5 | D6: ='Pivot 1'!J5 -> 4339633.2 | E6: ='Pivot 1'!L5 -> 4383093.4 | F6: =E6-D6 -> 43460.125 | G6: =(E6/D6-1) -> 0.0100147 | H6: =E6-C6 -> -1555234.1 | I6: =E6/C6-1 -> -0.26189767 | J6: ='Pivot 1'!M5 -> -0.0095046083 | K6: ='Pivot 1'!N5 -> 0.058091286 | L6: ='Pivot 1'!O5 -> 0.17285447 | M6: ='Pivot 1'!P5 -> -0.52400455 | N6: ='Pivot 1'!Q5 -> -0.32606603 | O6: ='Pivot 1'!R5 -> -0.14992669
A7: ='Pivot 1'!A6 -> Financials | B7: ='Pivot 1'!B6 -> 3844 | C7: ='Pivot 1'!C6 -> 14919508 | D7: ='Pivot 1'!J6 -> 10094701 | E7: ='Pivot 1'!L6 -> 10933915 | F7: =E7-D7 -> 839214.2 | G7: =(E7/D7-1) -> 0.083134135 | H7: =E7-C7 -> -3985593.4 | I7: =E7/C7-1 -> -0.26713973 | J7: ='Pivot 1'!M6 -> 0.0042808219 | K7: ='Pivot 1'!N6 -> 0.05657119 | L7: ='Pivot 1'!O6 -> 0.1340388 | M7: ='Pivot 1'!P6 -> -0.3657689 | N7: ='Pivot 1'!Q6 -> -0.24824839 | O7: ='Pivot 1'!R6 -> -0.12465374
A8: ='Pivot 1'!A7 -> Global | B8: ='Pivot 1'!B7 -> 36481 | C8: ='Pivot 1'!C7 -> 90411233 | D8: ='Pivot 1'!J7 -> 67723989 | E8: ='Pivot 1'!L7 -> 75142899 | F8: =E8-D8 -> 7418909.8 | G8: =(E8/D8-1) -> 0.10954626 | H8: =E8-C8 -> -15268334 | I8: =E8/C8-1 -> -0.16887652 | J8: ='Pivot 1'!M7 -> 0.018348624 | K8: ='Pivot 1'!N7 -> 0.088322339 | L8: ='Pivot 1'!O7 -> 0.18110236 | M8: ='Pivot 1'!P7 -> -0.31742762 | N8: ='Pivot 1'!Q7 -> -0.19426049 | O8: ='Pivot 1'!R7 -> -0.073813708
A9: ='Pivot 1'!A8 -> Health Care | B9: ='Pivot 1'!B8 -> 3411 | C9: ='Pivot 1'!C8 -> 8968840.3 | D9: ='Pivot 1'!J8 -> 7582188.3 | E9: ='Pivot 1'!L8 -> 8581301.1 | F9: =E9-D9 -> 999112.82 | G9: =(E9/D9-1) -> 0.13177104 | H9: =E9-C9 -> -387539.17 | I9: =E9/C9-1 -> -0.043209507 | J9: ='Pivot 1'!M8 -> 0.037453184 | K9: ='Pivot 1'!N8 -> 0.11771772 | L9: ='Pivot 1'!O8 -> 0.22944377 | M9: ='Pivot 1'!P8 -> -0.25597484 | N9: ='Pivot 1'!Q8 -> -0.12373451 | O9: ='Pivot 1'!R8 -> 0.014851485
A10: ='Pivot 1'!A9 -> Industrials | B10: ='Pivot 1'!B9 -> 6564 | C10: ='Pivot 1'!C9 -> 10121550 | D10: ='Pivot 1'!J9 -> 7170566.9 | E10: ='Pivot 1'!L9 -> 7951423.5 | F10: =E10-D10 -> 780856.59 | G10: =(E10/D10-1) -> 0.10889747 | H10: =E10-C10 -> -2170126.5 | I10: =E10/C10-1 -> -0.21440654 | J10: ='Pivot 1'!M9 -> 0.019480519 | K10: ='Pivot 1'!N9 -> 0.082152975 | L10: ='Pivot 1'!O9 -> 0.16133942 | M10: ='Pivot 1'!P9 -> -0.31290762 | N10: ='Pivot 1'!Q9 -> -0.19709061 | O10: ='Pivot 1'!R9 -> -0.076733656
A11: ='Pivot 1'!A10 -> Information Technology | B11: ='Pivot 1'!B10 -> 4875 | C11: ='Pivot 1'!C10 -> 13601118 | D11: ='Pivot 1'!J10 -> 10328554 | E11: ='Pivot 1'!L10 -> 11798990 | F11: =E11-D11 -> 1470436.6 | G11: =(E11/D11-1) -> 0.14236616 | H11: =E11-C11 -> -1802128.1 | I11: =E11/C11-1 -> -0.13249852 | J11: ='Pivot 1'!M10 -> 0.040392707 | K11: ='Pivot 1'!N10 -> 0.12030075 | L11: ='Pivot 1'!O10 -> 0.20839813 | M11: ='Pivot 1'!P10 -> -0.27962085 | N11: ='Pivot 1'!Q10 -> -0.17447917 | O11: ='Pivot 1'!R10 -> -0.070175439
A12: ='Pivot 1'!A11 -> Materials | B12: ='Pivot 1'!B11 -> 4414 | C12: ='Pivot 1'!C11 -> 4991380.9 | D12: ='Pivot 1'!J11 -> 3736572.9 | E12: ='Pivot 1'!L11 -> 4139741.3 | F12: =E12-D12 -> 403168.48 | G12: =(E12/D12-1) -> 0.10789793 | H12: =E12-C12 -> -851639.6 | I12: =E12/C12-1 -> -0.17062204 | J12: ='Pivot 1'!M11 -> 0.025037672 | K12: ='Pivot 1'!N11 -> 0.1 | L12: ='Pivot 1'!O11 -> 0.20205479 | M12: ='Pivot 1'!P11 -> -0.3 | N12: ='Pivot 1'!Q11 -> -0.18422333 | O12: ='Pivot 1'!R11 -> -0.068623092
A13: ='Pivot 1'!A12 -> Real Estate | B13: ='Pivot 1'!B12 -> 2311 | C13: ='Pivot 1'!C12 -> 4050061.7 | D13: ='Pivot 1'!J12 -> 2859550.9 | E13: ='Pivot 1'!L12 -> 3164030.2 | F13: =E13-D13 -> 304479.22 | G13: =(E13/D13-1) -> 0.10647798 | H13: =E13-C13 -> -886031.53 | I13: =E13/C13-1 -> -0.21876988 | J13: ='Pivot 1'!M12 -> 0.0085611709 | K13: ='Pivot 1'!N12 -> 0.065970404 | L13: ='Pivot 1'!O12 -> 0.15175097 | M13: ='Pivot 1'!P12 -> -0.34608031 | N13: ='Pivot 1'!Q12 -> -0.22222222 | O13: ='Pivot 1'!R12 -> -0.11061678
A14: ='Pivot 1'!A13 -> Utilities | B14: ='Pivot 1'!B13 -> 817 | C14: ='Pivot 1'!C13 -> 3200580.9 | D14: ='Pivot 1'!J13 -> 2450934.8 | E14: ='Pivot 1'!L13 -> 2689435.2 | F14: =E14-D14 -> 238500.35 | G14: =(E14/D14-1) -> 0.097309953 | H14: =E14-C14 -> -511145.77 | I14: =E14/C14-1 -> -0.15970406 | J14: ='Pivot 1'!M13 -> 0.016877637 | K14: ='Pivot 1'!N13 -> 0.065458207 | L14: ='Pivot 1'!O13 -> 0.12591721 | M14: ='Pivot 1'!P13 -> -0.26216068 | N14: ='Pivot 1'!Q13 -> -0.15164693 | O14: ='Pivot 1'!R13 -> -0.051447936
A15: ='Pivot 1'!A14 -> All firms | B15: ='Pivot 1'!B14 -> 36481 | C15: ='Pivot 1'!C14 -> 90411233 | D15: ='Pivot 1'!J14 -> 67723989 | E15: ='Pivot 1'!L14 -> 75142899 | F15: =E15-D15 -> 7418909.8 | G15: =(E15/D15-1) -> 0.10954626 | H15: =E15-C15 -> -15268334 | I15: =E15/C15-1 -> -0.16887652 | J15: ='Pivot 1'!M14 -> 0.018348624 | K15: ='Pivot 1'!N14 -> 0.088322339 | L15: ='Pivot 1'!O14 -> 0.18110236 | M15: ='Pivot 1'!P14 -> -0.31742762 | N15: ='Pivot 1'!Q14 -> -0.19426049 | O15: ='Pivot 1'!R14 -> -0.073813708

Sheet Pricing
B1: Market Capitalization | D1: Trailing Net Income | F1: Trailing PE | H1: Enterprise Value | J1: Trailing Revenues | L1: EV/Sales
A2: ='Pivot 1'!A1 -> Primary Sector | B2: 43831 | C2: 43938 | D2: LTM thru 1/1/20 | E2: LTM thru 4/17/20 | F2: 43831 | G2: 43938 | H2: 43831 | I2: 43938 | J2: LTM thru 1/1/20 | K2: LTM thru 4/17/20 | L2: 43831 | M2: 43938
A3: ='Pivot 1'!A2 -> Communication Services | B3: ='Pivot 1'!S2 -> 7061144.2 | C3: ='Pivot 1'!L2 -> 6396994.3 | D3: ='Pivot 1'!U2 -> 272239.76 | E3: ='Pivot 1'!AD2 -> 268340.4 | F3: ='Pivot 1'!S2/'Pivot 1'!U2 -> 25.937226 | G3: ='Pivot 1'!L2/'Pivot 1'!AD2 -> 23.839102 | H3: ='Pivot 1'!S2+'Pivot 1'!T2-'Pivot 1'!W2 -> 8394814.9 | I3: ='Pivot 1'!L2+'Pivot 1'!X2-'Pivot 1'!W2 -> 8204312.9 | J3: ='Pivot 1'!V2 -> 3075462.2 | K3: ='Pivot 1'!AE2 -> 3275528 | L3: =H3/'Pivot 1'!V2 -> 2.7296108 | M3: =I3/'Pivot 1'!AE2 -> 2.5047299
A4: ='Pivot 1'!A3 -> Consumer Discretionary | B4: ='Pivot 1'!S3 -> 10001063 | C4: ='Pivot 1'!L3 -> 8555018 | D4: ='Pivot 1'!U3 -> 400379.48 | E4: ='Pivot 1'!AD3 -> 422756.13 | F4: ='Pivot 1'!S3/'Pivot 1'!U3 -> 24.97896 | G4: ='Pivot 1'!L3/'Pivot 1'!AD3 -> 20.236295 | H4: ='Pivot 1'!S3+'Pivot 1'!T3-'Pivot 1'!W3 -> 11670561 | I4: ='Pivot 1'!L3+'Pivot 1'!X3-'Pivot 1'!W3 -> 10923729 | J4: ='Pivot 1'!V3 -> 8521351.6 | K4: ='Pivot 1'!AE3 -> 8837248.1 | L4: =H4/'Pivot 1'!V3 -> 1.3695668 | M4: =I4/'Pivot 1'!AE3 -> 1.2361008
A5: ='Pivot 1'!A4 -> Consumer Staples | B5: ='Pivot 1'!S4 -> 7119227.7 | C5: ='Pivot 1'!L4 -> 6548231.5 | D5: ='Pivot 1'!U4 -> 253891.1 | E5: ='Pivot 1'!AD4 -> 252123.9 | F5: ='Pivot 1'!S4/'Pivot 1'!U4 -> 28.040477 | G5: ='Pivot 1'!L4/'Pivot 1'!AD4 -> 25.972276 | H5: ='Pivot 1'!S4+'Pivot 1'!T4-'Pivot 1'!W4 -> 8249125.9 | I5: ='Pivot 1'!L4+'Pivot 1'!X4-'Pivot 1'!W4 -> 7914721.5 | J5: ='Pivot 1'!V4 -> 5338559 | K5: ='Pivot 1'!AE4 -> 5590613.4 | L5: =H5/'Pivot 1'!V4 -> 1.5451971 | M5: =I5/'Pivot 1'!AE4 -> 1.4157161
A6: ='Pivot 1'!A5 -> Energy | B6: ='Pivot 1'!S5 -> 6451348.4 | C6: ='Pivot 1'!L5 -> 4383093.4 | D6: ='Pivot 1'!U5 -> 432427.85 | E6: ='Pivot 1'!AD5 -> 324380.81 | F6: ='Pivot 1'!S5/'Pivot 1'!U5 -> 14.918901 | G6: ='Pivot 1'!L5/'Pivot 1'!AD5 -> 13.512184 | H6: ='Pivot 1'!S5+'Pivot 1'!T5-'Pivot 1'!W5 -> 7947388.5 | I6: ='Pivot 1'!L5+'Pivot 1'!X5-'Pivot 1'!W5 -> 6218675.8 | J6: ='Pivot 1'!V5 -> 6101366.8 | K6: ='Pivot 1'!AE5 -> 6159010.3 | L6: =H6/'Pivot 1'!V5 -> 1.3025587 | M6: =I6/'Pivot 1'!AE5 -> 1.0096875
A7: ='Pivot 1'!A6 -> Financials | B7: ='Pivot 1'!S6 -> 15098560 | C7: ='Pivot 1'!L6 -> 10933915 | D7: ='Pivot 1'!U6 -> 1176913.9 | E7: ='Pivot 1'!AD6 -> 1389055.6 | F7: ='Pivot 1'!S6/'Pivot 1'!U6 -> 12.828942 | G7: ='Pivot 1'!L6/'Pivot 1'!AD6 -> 7.8714739 | H7: ='Pivot 1'!S6+'Pivot 1'!T6-'Pivot 1'!W6 -> 17472728 | I7: ='Pivot 1'!L6+'Pivot 1'!X6-'Pivot 1'!W6 -> 14789327 | J7: ='Pivot 1'!V6 -> 7181275.7 | K7: ='Pivot 1'!AE6 -> 8270694.8 | L7: =H7/'Pivot 1'!V6 -> 2.4330953 | M7: =I7/'Pivot 1'!AE6 -> 1.7881602
A8: ='Pivot 1'!A7 -> Global | B8: ='Pivot 1'!S7 -> 89001908 | C8: ='Pivot 1'!L7 -> 75142899 | D8: ='Pivot 1'!U7 -> 4391304.7 | E8: ='Pivot 1'!AD7 -> 4377565.8 | F8: ='Pivot 1'!S7/'Pivot 1'!U7 -> 20.26776 | G8: ='Pivot 1'!L7/'Pivot 1'!AD7 -> 17.165453 | H8: ='Pivot 1'!S7+'Pivot 1'!T7-'Pivot 1'!W7 -> 1.0633283e+08 | I8: ='Pivot 1'!L7+'Pivot 1'!X7-'Pivot 1'!W7 -> 97102977 | J8: ='Pivot 1'!V7 -> 56659105 | K8: ='Pivot 1'!AE7 -> 59944491 | L8: =H8/'Pivot 1'!V7 -> 1.8767122 | M8: =I8/'Pivot 1'!AE7 -> 1.6198816
A9: ='Pivot 1'!A8 -> Health Care | B9: ='Pivot 1'!S8 -> 8632426.7 | C9: ='Pivot 1'!L8 -> 8581301.1 | D9: ='Pivot 1'!U8 -> 187642.22 | E9: ='Pivot 1'!AD8 -> 218959.46 | F9: ='Pivot 1'!S8/'Pivot 1'!U8 -> 46.004714 | G9: ='Pivot 1'!L8/'Pivot 1'!AD8 -> 39.191277 | H9: ='Pivot 1'!S8+'Pivot 1'!T8-'Pivot 1'!W8 -> 9283692.2 | I9: ='Pivot 1'!L8+'Pivot 1'!X8-'Pivot 1'!W8 -> 9527166.9 | J9: ='Pivot 1'!V8 -> 3427877.7 | K9: ='Pivot 1'!AE8 -> 3884559.5 | L9: =H9/'Pivot 1'!V8 -> 2.7082915 | M9: =I9/'Pivot 1'!AE8 -> 2.4525733
A10: ='Pivot 1'!A9 -> Industrials | B10: ='Pivot 1'!S9 -> 10017689 | C10: ='Pivot 1'!L9 -> 7951423.5 | D10: ='Pivot 1'!U9 -> 492859.4 | E10: ='Pivot 1'!AD9 -> 450653.9 | F10: ='Pivot 1'!S9/'Pivot 1'!U9 -> 20.325653 | G10: ='Pivot 1'!L9/'Pivot 1'!AD9 -> 17.644191 | H10: ='Pivot 1'!S9+'Pivot 1'!T9-'Pivot 1'!W9 -> 12471645 | I10: ='Pivot 1'!L9+'Pivot 1'!X9-'Pivot 1'!W9 -> 11013498 | J10: ='Pivot 1'!V9 -> 9882374.8 | K10: ='Pivot 1'!AE9 -> 10347296 | L10: =H10/'Pivot 1'!V9 -> 1.2620089 | M10: =I10/'Pivot 1'!AE9 -> 1.0643842
A11: ='Pivot 1'!A10 -> Information Technology | B11: ='Pivot 1'!S10 -> 12471842 | C11: ='Pivot 1'!L10 -> 11798990 | D11: ='Pivot 1'!U10 -> 436974.16 | E11: ='Pivot 1'!AD10 -> 404289.33 | F11: ='Pivot 1'!S10/'Pivot 1'!U10 -> 28.541372 | G11: ='Pivot 1'!L10/'Pivot 1'!AD10 -> 29.184521 | H11: ='Pivot 1'!S10+'Pivot 1'!T10-'Pivot 1'!W10 -> 12549738 | I11: ='Pivot 1'!L10+'Pivot 1'!X10-'Pivot 1'!W10 -> 12140677 | J11: ='Pivot 1'!V10 -> 4716370.1 | K11: ='Pivot 1'!AE10 -> 4860139.9 | L11: =H11/'Pivot 1'!V10 -> 2.6608891 | M11: =I11/'Pivot 1'!AE10 -> 2.4980098
A12: ='Pivot 1'!A11 -> Materials | B12: ='Pivot 1'!S11 -> 5122448.6 | C12: ='Pivot 1'!L11 -> 4139741.3 | D12: ='Pivot 1'!U11 -> 328775.08 | E12: ='Pivot 1'!AD11 -> 220594.75 | F12: ='Pivot 1'!S11/'Pivot 1'!U11 -> 15.580404 | G12: ='Pivot 1'!L11/'Pivot 1'!AD11 -> 18.766273 | H12: ='Pivot 1'!S11+'Pivot 1'!T11-'Pivot 1'!W11 -> 6455495.2 | I12: ='Pivot 1'!L11+'Pivot 1'!X11-'Pivot 1'!W11 -> 5541435.6 | J12: ='Pivot 1'!V11 -> 4727860.9 | K12: ='Pivot 1'!AE11 -> 4787420.2 | L12: =H12/'Pivot 1'!V11 -> 1.3654157 | M12: =I12/'Pivot 1'!AE11 -> 1.1574993
A13: ='Pivot 1'!A12 -> Real Estate | B13: ='Pivot 1'!S12 -> 3953469.4 | C13: ='Pivot 1'!L12 -> 3164030.2 | D13: ='Pivot 1'!U12 -> 271496.13 | E13: ='Pivot 1'!AD12 -> 255330.58 | F13: ='Pivot 1'!S12/'Pivot 1'!U12 -> 14.561789 | G13: ='Pivot 1'!L12/'Pivot 1'!AD12 -> 12.391897 | H13: ='Pivot 1'!S12+'Pivot 1'!T12-'Pivot 1'!W12 -> 6549674.5 | I13: ='Pivot 1'!L12+'Pivot 1'!X12-'Pivot 1'!W12 -> 5752049.2 | J13: ='Pivot 1'!V12 -> 1445509 | K13: ='Pivot 1'!AE12 -> 1618763.8 | L13: =H13/'Pivot 1'!V12 -> 4.5310508 | M13: =I13/'Pivot 1'!AE12 -> 3.5533592
A14: ='Pivot 1'!A13 -> Utilities | B14: ='Pivot 1'!S13 -> 3071852 | C14: ='Pivot 1'!L13 -> 2689435.2 | D14: ='Pivot 1'!U13 -> 137700.87 | E14: ='Pivot 1'!AD13 -> 171079.57 | F14: ='Pivot 1'!S13/'Pivot 1'!U13 -> 22.308152 | G14: ='Pivot 1'!L13/'Pivot 1'!AD13 -> 15.720376 | H14: ='Pivot 1'!S13+'Pivot 1'!T13-'Pivot 1'!W13 -> 5287147.6 | I14: ='Pivot 1'!L13+'Pivot 1'!X13-'Pivot 1'!W13 -> 5076670.4 | J14: ='Pivot 1'!V13 -> 2241086.3 | K14: ='Pivot 1'!AE13 -> 2313214.5 | L14: =H14/'Pivot 1'!V13 -> 2.3591896 | M14: =I14/'Pivot 1'!AE13 -> 2.1946388
A15: ='Pivot 1'!A14 -> All firms | B15: ='Pivot 1'!S14 -> 89001908 | C15: ='Pivot 1'!L14 -> 75142899 | D15: ='Pivot 1'!U14 -> 4391304.7 | E15: ='Pivot 1'!AD14 -> 4377565.8 | F15: ='Pivot 1'!S14/'Pivot 1'!U14 -> 20.26776 | G15: ='Pivot 1'!L14/'Pivot 1'!AD14 -> 17.165453 | H15: ='Pivot 1'!S14+'Pivot 1'!T14-'Pivot 1'!W14 -> 1.0633283e+08 | I15: ='Pivot 1'!L14+'Pivot 1'!X14-'Pivot 1'!W14 -> 97102977 | J15: ='Pivot 1'!V14 -> 56659105 | K15: ='Pivot 1'!AE14 -> 59944491 | L15: =H15/'Pivot 1'!V14 -> 1.8767122 | M15: =I15/'Pivot 1'!AE14 -> 1.6198816
